 Dungeon Crawl Stone Soup version bcrawl-1.28.1b (webtiles) character file.

Game seed: 15191231171185760871

526832 Adamkad1 the Transmogrifier (level 14, -10/127 HPs)
             Began as a Black Draconian Transmuter on Dec 12, 2020.
             Was a Priest of Sif Muna.
             Mangled by a two-headed ogre
             ... wielding a +0 giant spiked club
              (36 damage)
             ... on level 12 of the Dungeon.
             The game lasted 00:41:46 (16530 turns).

Adamkad1 the Transmogrifier (DrTm)                 Turns: 16530, Time: 00:41:46

Health: -10/127    AC: 12    Str: 27    XL:     14   Next: 29%
Magic:  27/27      EV: 20    Int: 15    God:    Sif Muna [***...]
Gold:   1161       SH:  0    Dex: 20    Spells: 2/31 levels left

rFire    . . .     SeeInvis .     - Blade hands (42.4)
rCold    . . .     Gourm    +   (shield currently unavailable)
rNeg     + + .     Faith    .   (armour unavailable)
rPois    .         Spirit   .   b - +2 hat
rElec    +         Reflect  .   L - +0 cloak
rCorr    .         Harm     .   (gloves currently unavailable)
MR       +....     Rnd*Rage +   O - +0 pair of boots
Stlth    ++........             x - amulet "Qudwit" {Gourm rN++ Str+4}
HPRegen  0.31/turn              p - +5 ring of strength
MPRegen  0.20/turn              q - +6 ring of dexterity

@: lethally poisoned (-10 -> -13), blade hands, slowed, studying Fire Magic,
divine energy, very slow
A: breathe lightning, unfitting armour, big wings, agile 1, berserk 1, clever 1,
electricity resistance, cold-blooded, MP-powered wands, AC +8
a: Breathe Lightning, Fly, End Transformation, Stop Divine Energy, Channel
Magic, Renounce Religion


You were on level 12 of the Dungeon.
You worshipped Sif Muna.
Sif Muna was most pleased with you.
You were very full.
You had blades for hands.
You visited 3 branches of the dungeon, and saw 17 of its levels.

You collected 1161 gold pieces.

Inventory:

Missiles
 a - 2845 arrows
Armour
 b - a +2 hat (worn)
 C - a +2 hat
 L - a +0 cloak (worn)
 O - a +0 pair of boots (worn)
Jewellery
 f - an uncursed amulet of faith
 i - an uncursed amulet of the acrobat
 l - a +1 ring of protection
 m - an uncursed ring of positive energy
 p - a +5 ring of strength (left scythe-like blade)
 q - a +6 ring of dexterity (right scythe-like blade)
 w - an uncursed ring of stealth
 x - the amulet "Qudwit" (around neck) {Gourm rN++ Str+4}
   (You took it off a gnoll on level 10 of the Dungeon)

   [amulet of the gourmand]

   It allows you to eat raw meat even when not hungry.
   It affects your strength (+4).
   It greatly protects you from negative energy.
 z - an uncursed ring of protection from magic
 A - an uncursed ring of resist corrosion
 D - an uncursed amulet of magic regeneration
 U - an uncursed ring of magical power {unknown}
Wands
 k - a wand of iceblast (4)
 E - a wand of random effects (5)
 K - a wand of disintegration (32)
 R - a wand of polymorph (6)
Scrolls
 d - a scroll of brand weapon
 g - 9 scrolls of remove curse
 h - 3 scrolls of fog
 j - 3 scrolls of immolation
 u - 4 scrolls of enchant armour
 y - a scroll of magic mapping
 F - 2 scrolls of fear
 P - a scroll of teleportation
 T - a scroll of identify
Potions
 c - 7 potions of lignification
 n - 3 potions of cancellation
 o - 3 potions of brilliance
 r - 2 potions of agility
 s - 2 potions of curing
 t - a potion of mutation
 v - 2 potions of berserk rage
 H - a potion of haste
 J - 4 potions of heal wounds
 M - a potion of invisibility
 N - 3 potions of flight {unknown}
Books
 S - a manual of Fire Magic
Miscellaneous
 B - a phantom mirror
 G - a fan of gales (2/2)
 I - a phial of floods
Comestibles
 e - 28 rations {!d}
 Q - 7 chunks of flesh


   Skills:
 - Level 12.3 Fighting
 - Level 9.2 Dodging
 - Level 10.1 Unarmed Combat
 - Level 9.1 Spellcasting
 - Level 7.3 Charms
 * Level 13.8 Transmutations
 - Level 3.6 Earth Magic


You had 2 spell levels left.
You knew the following spells:

 Your Spells              Type           Power        Failure   Level  Hunger
a - Beastly Appendage     Tmut           #####.       5%          1    None
b - Sticks to Snakes      Tmut           #####...     6%          2    None
c - Passwall              Tmut/Erth      ####....     11%         2    None
d - Dragon Form           Tmut           #####..      73%         7    #######
e - Blade Hands           Tmut           #####.....   16%         5    ####...
f - Swiftness             Chrm/Air       ###.....     28%         2    None
g - Tree Form             Hex/Tmut       N/A          36%         4    ##.....
h - Statue Form           Tmut/Erth      ####.....    82%         6    ######.

Your spell library contained the following spells:

 Spells                   Type           Power        Failure   Level  Hunger
 Infusion                 Chrm           ####....     12%         1    None
 Sandblast                Erth           ###...       24%         1    None
 Throw Frost              Conj/Ice       #.....       26%         2    None
 Flaming Arrows           Chrm/Fire      ###.....     28%         2    None
 Animate Skeleton         Necr           N/A          47%         1    None
 Apportation              Tloc           #.....       47%         1    None
 Flame Tongue             Conj/Fire      #....        47%         1    None
 Magic Dart               Conj           #...         47%         1    None
 Slow                     Hex            #.......     47%         1    None
 Summon Butterflies       Summ           #.......     47%         1    None
 Summon Small Mammal      Summ           #...         47%         1    None
 Call Imp                 Summ           #.....       56%         2    None
 Corpse Rot               Necr           N/A          56%         2    None
 Searing Ray              Conj           #.......     56%         2    None
 Sublimation of Blood     Necr           #.........   56%         2    None
 Spider Form              Tmut/Pois      ###          21%         3    None
 Ice Form                 Ice/Tmut       ####....     36%         4    ##.....
 Stone Arrow              Conj/Erth      ##....       56%         3    None
 Irradiate                Conj/Tmut      ####......   58%         5    ####...
 Call Canine Familiar     Summ           #.......     75%         3    None
 Conjure Flame            Conj/Fire      #.......     75%         3    None
 Dazzling Orbs            Conj/Hex       #......      75%         3    None
 Inner Flame              Hex/Fire       N/A          75%         3    None
 Iskenderun's Mystic Bla  Conj           #.......     75%         3    None
 Recall                   Summ/Tloc      N/A          75%         3    None
 Iskenderun's Battlesphe  Conj/Chrm      ###.....     89%         5    ####...
 Lee's Rapid Deconstruct  Erth           ###.......   90%         5    ####...
 Fulminant Prism          Conj/Hex       #.........   96%         4    ##.....
 Sticky Flame             Conj/Fire      #.......     96%         4    ##.....
 Summon Ice Beast         Ice/Summ       #.......     96%         4    ##.....
 Bolt of Magma            Conj/Fire/Erth ##........   99%         5    ####...
 Infestation              Hex/Tmut/Pois  ###......    99%         6    ######.
 Bolt of Draining         Conj/Necr      #.........   100%        5    ####...
 Fireball                 Conj/Fire      #.........   100%        5    ####...
 Lightning Bolt           Conj/Air       #.........   100%        5    ####...
 Passage of Golubria      Tloc           N/A          100%        5    ####...
 Summon Forest            Summ/Tloc      #.........   100%        5    ####...
 Summon Lightning Spire   Summ/Air       #.......     100%        5    ####...
 Darkness                 Hex            #.........   100%        6    ######.
 Dispersal                Tloc           #.........   100%        6    ######.
 Invisibility             Hex            #.......     100%        6    ######.
 Iron Shot                Conj/Erth      ##........   100%        6    ######.
 Poison Arrow             Conj/Pois      #.........   100%        6    ######.
 Summon Hydra             Summ           #.........   100%        6    ######.
 Mana Rupture             Conj/Hex       #.........   100%        7    #######
 Chain Lightning          Conj/Air       #.........   100%        8    #######
 Glaciate                 Conj/Ice/Air   #.........   100%        8    #######
 Lehudib's Crystal Spear  Conj/Erth      ##........   100%        8    #######
 Time Stop                Chrm/Tloc      N/A          100%        8    #######
 Fire Storm               Conj/Fire      #.........   100%        9    #######
 Shatter                  Erth           ###.......   100%        9    #######


Dungeon Overview and Level Annotations

Branches:
Dungeon (12/12)            Temple (1/1) D:4            Lair (4/6) D:9
 Spider (0/3) Lair:2          Orc (0/1) D:8
  Swamp: Lair:2-4    Shoals: Lair:2-4    Vaults: D:11-12     Depths: D:12

Altars:
Ashenzari
Cheibriados
Dithmenos
Elyvilon
Fedhas
Gozag
Hepliaklqana
Kikubaaqudgha
Lugonu
Makhleb
Nemelex Xobeh
Okawaru
Qazlal
Ru
Sif Muna
Trog
Uskayaw
Vehumet
Wu Jian
Xom
Yredelemnul
Zin
The Shining One

Shops:
D:4 :   D:5 [   D:9 (

Annotations:
D:12 2 transporters, KrisU's ghost, journeyman HOFi
Lair:3 1 runed translucent door, Quickbrownfox's ghost, journeyman DsAc


Innate Abilities, Weirdness & Mutations

You can breathe wild blasts of lightning.
Your glossy black scales are hard. (AC +8)
You cannot fit into any form of body armour.
Your large and strong wings let you fly indefinitely.
You are resistant to electric shocks. (rElec)
You are cold-blooded and may be slowed by cold attacks.
You are agile. (Dex +2)
You tend to lose your temper in combat.
Your mind is acute. (Int +2)
You expend magic power (3 MP) to strengthen your wands.


Message History

Okay, then.
You shred the two-headed ogre!!!
You kill the two-headed ogre!
Sif Muna accepts your kill.
You feel sick. Something hits you but does no damage.
You slice the two-headed ogre!!
The two-headed ogre is heavily wounded.
You hear some strange, mumbled words.
The two-headed ogre goes berserk!
You hit the two-headed ogre. You slash the two-headed ogre!
The two-headed ogre is severely wounded.
You feel sick. The two-headed ogre barely misses you.
The two-headed ogre closely misses you.
You slash the two-headed ogre!
The two-headed ogre is severely wounded.
Something hits you but does no damage.
The two-headed ogre hits you with a +0 giant spiked club!
* * * LOW HITPOINT WARNING * * *
The two-headed ogre hits you with a +0 giant spiked club!!!
You die...

#.. ## #.. .. #.#
#.# #.#####.#
#.......#
#.....{O# #O# #@#
#.# #.# ##
########.# ..
.........#
#############.#).#
............# #..#
...#######..#.#.##
......###...#.#.#


You could see a two-headed ogre (berserk) and an ogre.

Vanquished Creatures
  A stone giant (D:10)
  A yaktaur captain (D:12)
  A fire dragon (Lair:3)
  3 hydras
  An ogre mage (D:12)
  10 two-headed ogres
  7 centaur warriors
  A tengu warrior (D:8)
  5 skeletal warriors (D:11)
  2 unseen horrors
  3 cyclopes
  2 deep elf magi
  A wolf spider zombie (D:11)
  3 ugly things
  An orc sorcerer (D:12)
  An orb spider (Lair:2)
  A manticore (D:12)
  2 wolf spiders
  A black mamba (Lair:2)
  Joseph (Lair:1)
  8 cane toads
  A centaur skeleton (D:7)
  An efreet (D:10)
  3 yaktaurs
  3 komodo dragons
  2 trolls
  2 hornets
  Prince Ribbit (D:8)
  15 blink frogs
  11 slime creatures
  A dream sheep (Lair:3)
  7 hippogriffs
  A wraith (D:12)
  A wyvern (D:10)
  2 basilisks
  22 yaks
  A yak (shapeshifter) (D:11)
  3 hungry ghosts
  A vampire mosquito (D:10)
  Grum (D:10)
  12 crocodiles
  An acid dragon (D:11)
  Duvessa (D:5)
  4 water moccasins
  9 porcupines
  6 orc warriors
  4 ice beasts
  4 sky beasts
  3 black bears
  A phantom (D:6)
  7 centaurs
  4 wolves (D:9)
  8 ogres
  3 big kobolds
  10 bullfrogs
  5 gnoll sergeants (D:10)
  A scorpion (D:6)
  Dowan (D:5)
  A howler monkey (D:3)
  2 electric eels (Lair:1)
  8 crimson imps
  A bullfrog zombie (D:6)
  A quasit (D:7)
  3 centaur zombies
  A gnoll shaman (D:10)
  10 hounds
  A bullfrog skeleton (D:5)
  4 orc priests
  A jelly (D:6)
  3 iguanas
  7 worker ants
  17 orc wizards
  A hound skeleton (D:7)
  A hound zombie (D:3)
  2 worker ant zombies
  15 gnolls
  3 howler monkey skeletons
  16 adders
  2 shadow imps
  An ooze (D:6)
  2 worms
  3 dart slugs
  2 leopard geckos
  50 orcs
  3 ball pythons (D:2)
  7 bats
  A bat zombie (D:2)
  6 giant cockroaches
  7 goblins
  7 hobgoblins
  8 jackals
  3 quokkas (D:3)
  3 frilled lizards
  A jackal zombie (D:7)
  25 kobolds
  2 quokka skeletons (D:2)
  2 quokka zombies (D:2)
  8 rats
460 creatures vanquished.

Vanquished Creatures (others)
  A bush (D:9)
  4 fungi
  2 plants (Lair:3)
7 creatures vanquished.

Grand Total: 467 creatures vanquished

Notes
Turn   | Place    | Note
-------+----------+-------------------------------------------
     0 | D:1      | Adamkad1 the Draconian Transmuter began the quest for the
                  | Orb.
     0 | D:1      | Reached XP level 1. HP: 16/16 MP: 3/3
   176 | D:1      | Reached XP level 2. HP: 23/23 MP: 3/5
   667 | D:2      | Reached XP level 3. HP: 20/29 MP: 4/6
  1222 | D:2      | Found a radiant altar of Vehumet.
  1270 | D:2      | Learned a level 2 spell: Sticks to Snakes
  1273 | D:2      | Learned a level 2 spell: Passwall
  1324 | D:2      | Reached XP level 4. HP: 36/36 MP: 5/7
  1551 | D:3      | Noticed a crocodile
  1597 | D:2      | Learned a level 3 spell: Spider Form
  1613 | D:3      | Killed a crocodile
  1614 | D:3      | Reached skill level 3 in Transmutations
  1614 | D:3      | Reached XP level 5. HP: 30/42 MP: 5/9
  2007 | D:2      | HP: 2/42 [orc priest/+0 mace (5)]
  2168 | D:3      | Reached XP level 6. HP: 46/51 MP: 6/10
  2612 | D:3      | Found a stormy altar of Qazlal.
  2613 | D:3      | Found a snail-covered altar of Cheibriados.
  2779 | D:3      | Noticed a shadow
  2780 | D:3      | Found a shadowy altar of Dithmenos.
  2781 | D:3      | Found a hazy altar of Hepliaklqana.
  2923 | D:4      | Found a staircase to the Ecumenical Temple.
  2937 | Temple   | Entered the Ecumenical Temple
  3001 | Temple   | Became a worshipper of Sif Muna the Loreminder
  3110 | D:4      | Found Misekk Miyn's Book Emporium.
  3259 | D:4      | Found a sparkling altar of Nemelex Xobeh.
  3267 | D:4      | Your scales start taking on a glossy black colour.
  3267 | D:4      | Reached XP level 7. HP: 60/60 MP: 8/12
  3267 | D:4      | Gained mutation: You are resistant to electric shocks.
                  | (rElec) [Black Draconian growth]
  3267 | D:4      | Found a corrupted altar of Lugonu.
  3394 | D:5      | Entered Level 5 of the Dungeon
  3447 | D:5      | Found Nogaenur's Armour Boutique.
  3497 | D:5      | Reached skill level 4 in Transmutations
  3788 | D:5      | Noticed Duvessa
  3797 | D:5      | Noticed Dowan
  3816 | D:5      | Killed Duvessa
  3822 | D:5      | Killed Dowan
  4054 | D:6      | Reached skill level 5 in Fighting
  4098 | D:6      | Reached * piety under Sif Muna
  4098 | D:6      | Identified Sif Muna's Handbook of Lucky Confrontation (Sif
                  | Muna gifted it to you on level 6 of the Dungeon)
  4098 | D:6      | Received a gift from Sif Muna
  4105 | D:6      | Learned a level 5 spell: Blade Hands
  4169 | D:6      | Reached skill level 5 in Unarmed Combat
  4169 | D:6      | Reached skill level 5 in Transmutations
  4169 | D:6      | Reached XP level 8. HP: 35/68 MP: 8/14
  4326 | D:6      | Got an ichor-stained buckler
  4874 | D:6      | Reached skill level 6 in Transmutations
  4987 | D:6      | Noticed a hippogriff
  5002 | D:6      | Killed a hippogriff
  5206 | D:7      | Found a glowing golden altar of the Shining One.
  5305 | D:7      | Reached skill level 5 in Spellcasting
  5305 | D:7      | Reached XP level 9. HP: 67/78 MP: 14/16
  5376 | D:7      | Reached skill level 5 in Dodging
  5376 | D:7      | Reached skill level 7 in Transmutations
  6165 | D:7      | Learned a level 2 spell: Swiftness
  6280 | D:8      | Noticed Prince Ribbit
  6294 | D:8      | Killed Prince Ribbit
  6294 | D:8      | Received a gift from Sif Muna
  6376 | D:8      | Noticed a tengu warrior
  6379 | D:8      | Reached skill level 1 in Charms
  6395 | D:8      | Killed a tengu warrior
  6396 | D:8      | Reached ** piety under Sif Muna
  6396 | D:8      | Reached skill level 8 in Transmutations
  6440 | D:8      | Reached XP level 10. HP: 69/88 MP: 13/18
  7073 | D:8      | Found a staircase to the Orcish Mines.
  7099 | D:8      | Found a sacrificial altar of Ru.
  7226 | D:9      | Found a staircase to the Lair.
  7503 | D:9      | Noticed a two-headed ogre
  7561 | D:9      | Killed a two-headed ogre
  7562 | D:9      | Received a gift from Sif Muna
  7562 | D:9      | Reached skill level 9 in Transmutations
  7583 | D:9      | Learned a level 4 spell: Tree Form
  8158 | D:9      | Found a blossoming altar of Fedhas.
  8202 | D:9      | Found Niaxtuff's Weapon Shoppe.
  8435 | D:10     | Entered Level 10 of the Dungeon
  8439 | D:10     | Noticed a centaur warrior
  8738 | D:10     | Noticed a purple ugly thing
  8862 | D:9      | Identified the +4 buckler of the Alphagorgon {+Blink Int+3}
                  | (You found it on level 6 of the Dungeon)
  8876 | D:9      | Killed a purple ugly thing
  9015 | D:10     | Killed a centaur warrior
  9016 | D:10     | Reached XP level 11. HP: 82/97 MP: 11/20
  9128 | D:10     | Noticed a two-headed ogre
  9134 | D:10     | Killed a two-headed ogre
  9431 | D:10     | Noticed a centaur warrior
  9441 | D:10     | Noticed a wolf spider
  9445 | D:10     | Killed a centaur warrior
  9446 | D:10     | Reached skill level 10 in Transmutations
  9473 | D:10     | Killed a wolf spider
  9577 | D:10     | Noticed a deep elf mage
  9578 | D:10     | Reached *** piety under Sif Muna
  9588 | D:11     | Noticed a deep elf mage
  9744 | D:11     | Noticed a white ugly thing
  9759 | D:10     | Noticed a five-headed hydra
  9811 | D:10     | Reached skill level 10 in Fighting
  9840 | D:10     | Noticed a cyclops
  9850 | D:10     | Identified the amulet "Qudwit" {Gourm rN++ Str+4}
 10129 | D:9      | Gained mutation: You are frail. (-10% HP) [potion of
                  | mutation]
 10129 | D:9      | Gained mutation: Your spells are a little harder to cast,
                  | but a little more powerful. [potion of mutation]
 10130 | D:9      | Lost mutation: You are frail. (-10% HP) [potion of
                  | mutation]
 10130 | D:9      | Lost mutation: Your spells are a little harder to cast, but
                  | a little more powerful. [potion of mutation]
 10130 | D:9      | Gained mutation: Your mind is acute. (Int +2) [potion of
                  | mutation]
 10130 | D:9      | Gained mutation: You are agile. (Dex +2) [potion of
                  | mutation]
 10130 | D:9      | Gained mutation: You tend to lose your temper in combat.
                  | [potion of mutation]
 10130 | D:9      | Gained mutation: You expend magic power (3 MP) to
                  | strengthen your wands. [potion of mutation]
 10180 | D:10     | Identified Boumaut's Tome of Arcane Weapons and Necromancy
                  | (Sif Muna gifted it to you on level 10 of the Dungeon)
 10180 | D:10     | Received a gift from Sif Muna
 10260 | D:10     | Killed a cyclops
 10261 | D:10     | Noticed a stone giant
 10277 | D:10     | Killed a stone giant
 10278 | D:10     | Reached skill level 5 in Charms
 10278 | D:10     | Reached XP level 12. HP: 74/106 MP: 21/23
 10480 | D:10     | Reached skill level 11 in Transmutations
 11037 | D:10     | Noticed Grum
 11042 | D:10     | Killed Grum
 11218 | Lair:1   | Entered Level 1 of the Lair of Beasts
 11317 | Lair:1   | Noticed a five-headed hydra
 11361 | Lair:1   | Noticed Joseph
 11379 | Lair:1   | Killed Joseph
 11582 | Lair:1   | Reached **** piety under Sif Muna
 11800 | Lair:1   | Killed a five-headed hydra
 11923 | Lair:1   | Received a gift from Sif Muna
 12052 | Lair:1   | Learned a level 6 spell: Statue Form
 12396 | Lair:2   | Reached skill level 1 in Earth Magic
 12750 | Lair:2   | Found a hole to the Spider Nest.
 12860 | Lair:2   | Reached XP level 13. HP: 108/116 MP: 19/25
 12944 | Lair:2   | Reached skill level 12 in Transmutations
 13512 | Lair:3   | Got a crude lead amulet
 13517 | Lair:3   | Found a runed translucent door.
 13517 | Lair:3   | Found a shimmering altar of Xom.
 13517 | Lair:3   | Noticed Quickbrownfox's ghost (journeyman DsAc)
 14005 | Lair:4   | Identified the cursed amulet "Liecw" {Inacc Dex+4} (You
                  | found it on level 3 of the Lair of Beasts)
 14542 | Lair:3   | Identified Sif Muna's Tome of the Traveller and Moulding
                  | (Sif Muna gifted it to you on level 3 of the Lair of
                  | Beasts)
 14542 | Lair:3   | Received a gift from Sif Muna
 14666 | Lair:3   | Noticed a fire dragon
 14683 | Lair:3   | Killed a fire dragon
 15836 | D:12     | Entered Level 12 of the Dungeon
 15927 | D:12     | Reached skill level 10 in Unarmed Combat
 16074 | D:12     | Reached skill level 13 in Transmutations
 16102 | D:12     | Noticed KrisU's ghost (journeyman HOFi)
 16104 | D:12     | Found a transporter.
 16122 | D:12     | Gained mutation: Your large and strong wings let you fly
                  | indefinitely. [Black Draconian growth]
 16122 | D:12     | Reached XP level 14. HP: 100/126 MP: 21/27
 16165 | D:12     | Found a transporter.
 16313 | D:12     | Identified Sif Muna's Grimoire of Snow and Combat Magic
                  | (Sif Muna gifted it to you on level 12 of the Dungeon)
 16313 | D:12     | Received a gift from Sif Muna
 16363 | D:12     | Learned a level 7 spell: Dragon Form
 16530 | D:12     | Mangled by a two-headed ogre

Skill      XL: |  1  2  3  4  5  6  7  8  9 10 11 12 13 |
---------------+----------------------------------------+-----
Dodging        | 2 3 4 5 6 7 8 9 |  9.2
Fighting       | 2 3 4 5 6 7 9 10 11 12 | 12.3
Transmutations | 3 5 6 8 9 10 11 13 | 13.8
Unarmed Combat | 4 5 6 7 8 9 10 | 10.1
Spellcasting   | 3 4 5 6 7 8 9 |  9.1
Charms         | 1 3 5 6 7 |  7.3
Earth Magic    | 1 3 |  3.6

Action                   |  1- 3 |  4- 6 |  7- 9 | 10-12 | 13-15 || total
-------------------------+-------+-------+-------+-------+-------++-------
Melee: Unarmed           |   136 |   139 |   260 |   569 |   282 ||  1386
       Kick              |    24 |     7 |    11 |    25 |       ||    67
       Tailslap          |    16 |     4 |    12 |   119 |    62 ||   213
       Punch             |     1 |       |     4 |    27 |    19 ||    51
 Cast: Beastly Appendage |    22 |     9 |    10 |    11 |       ||    52
       Spider Form       |       |    14 |    27 |     1 |       ||    42
       Blade Hands       |       |       |     2 |    62 |    29 ||    93
       Sticks to Snakes  |       |       |       |     3 |       ||     3
       Tree Form         |       |       |       |       |     3 ||     3
Invok: Forget Spell      |       |       |       |       |     1 ||     1
       Divine Energy     |       |       |       |       |     1 ||     1
 Abil: Breathe Lightning |       |       |     2 |     2 |     1 ||     5
       End Transformatio |       |       |       |       |     1 ||     1
       Fly               |       |       |       |       |     1 ||     1
       Stop Flying       |       |       |       |       |     1 ||     1
Evoke: Wand              |       |       |       |     4 |     1 ||     5
  Use: Potion            |     2 |       |     2 |     8 |       ||    12
       Scroll            |       |       |     7 |    21 |     7 ||    35
 Stab: Distracted        |       |       |     1 |       |       ||     1
       Sleeping          |       |       |     1 |       |       ||     1
  Eat: Chunk             |     5 |    12 |    13 |    51 |    24 ||   105
       Ration            |       |       |     2 |     2 |       ||     4
Armor: Skin              |    50 |    26 |    40 |    78 |    65 ||   259
Dodge: Dodged            |   104 |    98 |   212 |   431 |   180 ||  1025
